 Dungeon Crawl Stone Soup version 0.31-a0-229-g1fc7ce93e2 (webtiles) character file.

Game seed: 14238344834214393288

70 qw the Shooter (level 4, -6/36 HPs)
             Began as a Minotaur Hexslinger on July 6, 2023.
             Mangled by Sigmund
             ... wielding a +0 scythe
              (10 damage)
             ... on level 2 of the Dungeon.
             The game lasted 00:00:24 (829 turns).

qw the Shooter (Minotaur Hexslinger)                 Turns: 829, Time: 00:00:25

Health: -6/36      AC:  2    Str: 12    XL:     4   Next: 3%
Magic:  4/4        EV: 12    Int: 10    God:
Gold:   74         SH:  0    Dex: 15    Spells: 4/5 levels left

rFire   . . .        Y - +1 sling
rCold   . . .        (no shield)
rNeg    . . .        c - +0 robe
rPois   .            (helmet restricted)
rElec   .            (no cloak)
rCorr   .            (no gloves)
SInv    .            (no boots)
Will    .....        (no amulet)
Stlth   +            (no ring)
HPRegen 0.26/turn    (no ring)
MPRegen 0.09/turn

%: no passive effects
@: confused
A: horns 2, retaliatory headbutt
a: no special abilities


You were on level 2 of the Dungeon.
You visited 1 branch of the dungeon, and saw 2 of its levels.

You collected 74 gold pieces.


Innate Abilities, Weirdness & Mutations

You have a pair of horns on your head.
You reflexively headbutt those who attack you in melee.


   Skills:
 - Level 2.0 Fighting
 + Level 4.5 Ranged Weapons
 - Level 2.1 Dodging
 - Level 1.0 Spellcasting
 - Level 2.0 Hexes


You had 4 spell levels left.
You knew the following spells:

 Your Spells              Type           Power      Damage    Failure   Level
a - Slow                  Hex            16%        N/A       16%         1

Your spell library contained the following spells:

 Spells                   Type           Power      Damage    Failure   Level
 Inner Flame              Hex/Fire       2%         N/A       56%         3
 Portal Projectile        Hex/Tloc       4%         N/A       56%         3
 Cause Fear               Hex            2%         N/A       83%         4

Inventory:

Hand Weapons
 Y - a +1 sling (weapon)
Armour
 b - a +0 ring mail
 c - a +0 robe (worn)
Scrolls
 a - a scroll of identify
Potions
 e - a potion of cancellation {unknown}

Dungeon Overview and Level Annotations

Branches:
Dungeon (2/15)

Altars:

Annotations:
D:2 Sigmund


Message History

A bat comes into view.
Something hits you.
The bat moves out of view.
You shoot a sling bullet.
811 ||| FLEEEEING.
Enter note: You shoot a sling bullet.
The sling bullet closely misses the bat.
Something hits you!
813 ||| DRINKING potion of heal wounds.
You feel much better. The bat hits you but does no damage.
You shoot a sling bullet.
The sling bullet closely misses the bat.
The bat hits you but does no damage. Something barely misses you.
The bat barely misses you. You furiously retaliate!
You headbutt the bat!
You kill the bat!
815 ||| STILL FLEEEEING.
816 ||| STILL FLEEEEING.
817 ||| STILL FLEEEEING.
818 ||| STILL FLEEEEING.
819 ||| STILL FLEEEEING.
You shoot a sling bullet. You shoot a sling bullet. Something hits you!
You shoot a sling bullet. Something hits you.
You shoot a sling bullet. Something hits you!
You shoot a sling bullet. You shoot a sling bullet. Something hits you.
You shoot a sling bullet.
You hear some strange, mumbled words.
You are confused.
You shoot a sling bullet. Something hits you.
You shoot a sling bullet. Something hits you.
You shoot a sling bullet. Something hits you!
You die...

......~7.~.~~
..[.~~...~..
...#~~~.~..
..#.~..~~~ #.~..~~.~.
#......... #%........
#######......... ####
#..@.{.......... ...#
#.#####......... ...#
#.#...........## ...#
#.###.#.#...#.# ...#
#.# #.#.+...#.# ...#
#####.###.###...# #
...#
#......)........#
...#
#####.%......#).....#
...#
#...'../.....#...####


There were no monsters in sight!

Vanquished Creatures
  Terence (D:2)
  An adder (D:2)
  4 dart slugs
  5 ball pythons
  2 endoplasms (D:1)
  2 giant cockroaches
  3 hobgoblins
  A quokka (D:1)
  4 bats
  2 kobolds
  3 rats (D:1)
28 creatures vanquished.

Notes
Turn   | Place    | Note
-------+----------+-------------------------------------------
     0 | D:1      | qw the Minotaur Hexslinger began the quest for the Orb.
     0 | D:1      | Reached XP level 1. HP: 16/16 MP: 1/1
     0 | D:1      | 0 ||| qw: Version: 0.3-a-46-gb1f654a
     0 | D:1      | 0 ||| qw: Game counter: 1549
     0 | D:1      | 0 ||| qw: Melee chars always use a shield: true
     0 | D:1      | 0 ||| qw: God list: Okawaru
     0 | D:1      | 0 ||| qw: Allow faded altars: false
     0 | D:1      | 0 ||| qw: Do Orc after clearing Dungeon:15 true
     0 | D:1      | 0 ||| qw: Do second Lair branch before Depths: true
     0 | D:1      | 0 ||| qw: Lair rune preference: random
     0 | D:1      | 0 ||| qw: Goals: Normal
     0 | D:1      | 0 ||| PLANNING D:1-11
   137 | D:1      | Reached skill level 3 in Ranged Weapons
   137 | D:1      | Reached XP level 2. HP: 14/23 MP: 2/2
   601 | D:1      | 601 ||| READING scroll labelled VAFACV WEYVVA.
   602 | D:1      | 602 ||| READING scroll labelled FASTRE NOEBAN.
   607 | D:1      | 607 ||| DRINKING 2 viscous white potions.
   608 | D:1      | 608 ||| DROPPING scroll of poison.
   639 | D:2      | 639 ||| STAIRDANCE
   705 | D:2      | Reached XP level 3. HP: 29/29 MP: 3/3
   737 | D:2      | Noticed Terence
   745 | D:2      | Killed Terence
   746 | D:2      | Reached skill level 4 in Ranged Weapons
   799 | D:2      | Reached XP level 4. HP: 36/36 MP: 4/4
   799 | D:2      | Noticed Sigmund
   811 | D:2      | 811 ||| FLEEEEING.
   812 | D:2      | HP: 6/36 [something (11)]
   813 | D:2      | 813 ||| DRINKING potion of heal wounds.
   825 | D:2      | HP: 9/36 [something (5)]
   828 | D:2      | HP: 3/36 [something (5)]
   829 | D:2      | Mangled by Sigmund

Levels and vault maps discovered:
D:1:      tarquinn_simple_flora_water_d, layout_basic, st_stairs_13
D:2:      layout_basic, serial_rivers, chequers_serial_rivers_micro_b,
          chequers_serial_rivers_micro_c, chequers_serial_rivers_micro_a,
          chequers_serial_rivers_micro_b, chequers_serial_rivers_marsh,
          chequers_serial_rivers_room_b, minmay_crystal_room, minivault_14,
          uniq_sigmund, uniq_jessica, uniq_terence

Skill      XL: |  1  2  3 |
---------------+----------+-----
Ranged Weapons | 3 4 |  4.5
Fighting       | 2 |  2.0
Dodging        | |  2.1
Spellcasting   | |  1.0
Hexes          | |  2.0

Action                     |  1- 3 |  4- 6 || total
---------------------------+-------+-------++-------
   Fire: Sling             |    79 |    23 ||   102
    Use: Scroll            |     2 |       ||     2
         Potion            |     1 |     1 ||     2
 Armour: Robe              |     4 |     3 ||     7
  Dodge: Dodged            |    22 |     2 ||    24

Table legend:
 A = Non-vault XP
 B = Vault XP
 C = Vault XP percentage of total XP
 D = Non-vault monster count
 E = Vault monster count
 F = Vault count percentage of total count
                 A         B        C        D         E       F
            +---------+---------+-------+---------+---------+-------
      Total |      62 |      38 |  38.0 |      26 |       2 |   7.1
            +---------+---------+-------+---------+---------+-------
        D:1 |      33 |       2 |   5.7 |      17 |       1 |   5.6
        D:2 |      29 |      36 |  55.4 |       9 |       1 |  10.0
            +---------+---------+-------+---------+---------+-------
